 Dungeon Crawl Stone Soup version 0.30-a0-840-ga523dec638 (webtiles) character file.

Game seed: 5472276675714487662

3775182 Valamore the Hoplite (level 27, 254/254 HPs)
             Began as an Armataur Berserker on Mar 1, 2023.
             Was the Champion of Trog.
             Escaped with the Orb
             ... and 5 runes on Mar 2, 2023!
             The game lasted 01:35:05 (55656 turns).

Valamore the Hoplite (Armataur Berserker)          Turns: 55656, Time: 01:35:06

Health: 254/254    AC: 41    Str: 45    XL:     27
Magic:  20/20      EV:  9    Int:  2    God:    Trog [******]
Gold:   1842       SH: 26    Dex: 13    Spells: 26/26 levels left

rFire   + + .      SeeInvis .    a - +4 broad axe (heavy)
rCold   + . .      Faith    .    p - +5 tower shield
rNeg    + . .      Spirit   .    q - +6 gold dragon scales "Xidoph" {rPois rF+ rC+ Regen+ Str+5 Int-4}
rPois   +          Reflect  .    y - +0 helmet of the Good {rC+ Dex+2}
rElec   +          Harm     .    u - +5 cloak of the Trilobite {Stlth+}
rCorr   .          Roll     +    U - +3 pair of gauntlets of War {Slay+5}
Will    ++...                    H - +0 barding "Afaez" {Regen+ Int-3 Dex+2} Stlth
                                 Q - amulet of regeneration
HPRegen 3.02/turn                Y - ring of Zomorome {rElec rPois rN+ Str+6 Stlth-}
MPRegen 0.17/turn                P - ring of protection from fire

@: corroded, slowed, very slow
A: large, rugged brown scales 3, deformed body, armoured tail, roll, long
tongue, awkward tongue, dopey 1, low MP 1, mutation resistance 1, cold
vulnerability 1, inability to read after injury 1
0: Orb of Zot
}: 5/15 runes: decaying, serpentine, slimy, silver, abyssal
a: Renounce Religion, Berserk, Trog's Hand, Brothers in Arms


You escaped.
You worshipped Trog.
Trog was exalted by your worship.
You visited 10 branches of the dungeon, and saw 52 of its levels.
You visited the Abyss 2 times.
You visited 1 ziggurat, and saw 4 of its levels.
You also visited: Trove.

You collected 7168 gold pieces.
You spent 5326 gold pieces at shops.

Inventory:

Hand Weapons
 a - a +4 heavy broad axe (weapon)
 b - a +7 heavy eveningstar
Missiles
 e - 6 curare-tipped darts
 A - 10 silver javelins
 E - 30 javelins
 L - 37 boomerangs (quivered)
Armour
 p - a +5 tower shield (worn)
 q - the +6 gold dragon scales "Xidoph" (worn) {rPois rF+ rC+ Regen+ Str+5 Int-4}
   (You bought it in a shop on level 2 of the Elven Halls)

   Str:       It affects your strength (+5).
   Int:       It affects your intelligence (-4).
   rF:        It protects you from fire.
   rC:        It protects you from cold.
   rPois:     It protects you from poison.
   Regen:     It increases your rate of health regeneration.
 u - the +5 cloak of the Trilobite (worn) {Stlth+}
   (You found it on level 1 of the Elven Halls)

   Stlth:     It makes you more stealthy.
 y - the +0 helmet of the Good (worn) {rC+ Dex+2}
   (You found it on level 3 of the Elven Halls)

   Dex:       It affects your dexterity (+2).
   rC:        It protects you from cold.
 H - the +0 barding "Afaez" (worn) {Regen+ Int-3 Dex+2}
   (You acquired it on level 2 of the Orcish Mines)

   Int:       It affects your intelligence (-3).
   Dex:       It affects your dexterity (+2).
   Regen:     It increases your rate of health regeneration.
 U - the +3 pair of gauntlets of War (worn) {Slay+5}
   (You found it on level 5 of the Lair of Beasts)

   Slay:      It affects your accuracy & damage with ranged weapons and melee
   (+5).
Jewellery
 d - a ring of protection from fire
 l - a ring of protection from cold
 C - a ring of willpower
 G - a ring of see invisible
 J - a ring of willpower
 P - a ring of protection from fire (right hand)
 Q - an amulet of regeneration (around neck)
 Y - the ring of Zomorome (left hand) {rElec rPois rN+ Str+6 Stlth-}
   (You took it off a vault guard on level 4 of the Vaults)

   [ring of poison resistance]

   Str:       It affects your strength (+6).
   rElec:     It insulates you from electricity.
   rPois:     It protects you from poison.
   rN:        It protects you from negative energy.
   Stlth:     It makes you less stealthy.
Wands
 v - a wand of digging (22)
 D - a wand of mindburst (32)
 W - a wand of quicksilver (12)
 X - a wand of roots (37)
Scrolls
 g - 11 scrolls of immolation
 n - 2 scrolls of torment
 s - 9 scrolls of fear
 t - 8 scrolls of teleportation
 z - 4 scrolls of blinking
 F - 8 scrolls of silence
 I - 5 scrolls of vulnerability
 M - 3 scrolls of summoning
 S - 6 scrolls of fog
 V - 4 scrolls of magic mapping
Potions
 h - 3 potions of haste
 i - 20 potions of curing
 j - 16 potions of mutation
 k - 12 potions of flight
 m - 7 potions of might
 o - 5 potions of lignification
 r - 2 potions of resistance
 w - 5 potions of heal wounds
 K - 5 potions of berserk rage
 N - 3 potions of ambrosia
 O - 8 potions of magic
 T - 5 potions of invisibility
 Z - 2 potions of cancellation
Miscellaneous
 c - a condenser vane
 f - a lightning rod (4/4)
 x - a tin of tremorstones (2/2)
 B - a phantom mirror
 R - a phial of floods


   Skills:
 - Level 18.0 Fighting
 - Level 15.7(18.0) Axes
 - Level 15.5(18.7) Maces & Flails
 - Level 12.0 Throwing
 - Level 18.1 Armour
 - Level 15.0 Dodging
 - Level 21.0 Shields
 + Level 17.6 Evocations


You had 26 spell levels left.
You didn't know any spells.
Your spell library was empty.

Dungeon Overview and Level Annotations

Branches:
Dungeon (15/15)            Temple (0/1) D:6            Lair (5/5) D:9
  Swamp (4/4) Lair:3        Snake (4/4) Lair:3        Slime (5/5) Lair:4
    Orc (2/2) D:11            Elf (3/3) Orc:2        Vaults (5/5) D:13
  Crypt (0/3) Vaults:3     Depths (4/4) D:15            Zot (5/5) Depths:4

Altars:
Cheibriados
Dithmenos
Gozag
Hepliaklqana
Kikubaaqudgha
Makhleb
Qazlal
Ru
Sif Muna
Trog
Uskayaw
Wu Jian
Zin
The Shining One
Jiyva

Shops:
D:2 (   D:4 =   Orc:2 =*[*?   Elf:1 :   Elf:2 [   Snake:1 [   Snake:2 *
Vaults:1 (   Vaults:2 ([=   Depths:1 [*

Portals:
Hell: Depths:1 Depths:2 Depths:3 Depths:4
Abyss: Depths:3 Depths:4
Pandemonium: Orc:2 Depths:2

Annotations:
D:13 3 runed translucent doors, Ithuta Obua's ghost, journeyman MiBe
D:14 3 runed translucent doors, Jiolyugh's ghost, journeyman GrEE


Innate Abilities, Weirdness & Mutations

You are completely covered in rugged brown scales. (AC +3, +7% HP)
Armour fits poorly on your strangely shaped body.
You have a long armoured tail.
You roll when moving toward enemies. (Rampage)
Your long tongue fully drains potion bottles. (2x potion effects)
Your tongue gives you trouble enunciating. (1.5x scroll delay)
You are dopey. (Int -2)
Your magical capacity is low. (-10% MP)
You are somewhat resistant to further mutation.
You are vulnerable to cold. (rC-)
You occasionally lose the ability to read scrolls when taking damage.


Message History

The mummy priest disappears in a puff of smoke!
The ynoxinul disappears in a puff of smoke!
The vampire knight disappears in a puff of smoke!
The flayed ghost disappears in a puff of smoke!
The cacodemon gestures at you. The bolt of energy hits you!!
The demonspawn corrupter calls forth creatures from the Pits of Slime!
The cacodemon gestures at you. The bolt of energy hits you.
You block the flayed ghost's attack.
The flayed ghost attacks as you move away!
The flayed ghost hits you but does no damage.
The rockslime disappears in a puff of smoke!
You block the flayed ghost's attack.
The flayed ghost attacks as you move away!
You block the flayed ghost's attack.
You are no longer corroded.
The flayed ghost disappears in a puff of smoke!
The demonspawn corrupter calls forth creatures from the Crypt!
Blink to where?
Press: ? - help, Q - select action, (/) - cycle Dir - move target As you slowly read the scroll of blinking, it crumbles to dust.
The cacodemon gestures at you.
You easily resist.
There is a large open door here.
The cacodemon gestures at you.
You are confused.
The cacodemon gestures at you.
Strange energies course through your body.
You occasionally lose the ability to read scrolls when taking damage.
The demonspawn corrupter invokes the aid of Lugonu against you.
The entropic weave corrodes you!
There is a staircase leading out of the dungeon here.
You slurp down every last drop of the potion of curing!
You feel better.
The demonspawn corrupter calls down the wrath of Lugonu upon you.
The entropic weave corrodes you! The cacodemon gestures at you.
You feel as though you will be slow longer.
You have escaped!

#.# #####~..8..........8..~.#
#.### #~.##############.~.# #...#
#~8#.#.§≈.#~~~~~#8~.# ###.#
#~.#.#.≈≈.#~(..~#.~.# #.#
#~.#.#.≈≈.#~§#.~#.~.# #.#
#~.#.#.≈≈.#~.#.~#8~.# #.#
#~.#.#§§≈.#~.#.2#W~.# #.#
#~.#.'....'..#J6HJ..# #.#
#~^#@'§.26'..#..'§).# #.#
#~.#.#.≈≈.#~.#.~#.~.# #.#
#~.#.#§≈≈.#~.#.~#8~.# #.#
#~.#.#.§≈.#~.#.~#.~.# ####.######
#~.#.#.≈≈4#~...~#.~.# ..........#
#~8#.#.≈§.#~~~~~#8~.#
..........###~.##############.~.#
..........'..~..8..........8..~.#
..........##.~~~~~~~~~~~~≈~~~~~.#


You could see a cacodemon (strong) and a chaos spawn.

Vanquished Creatures
  the Royal Jelly (Slime:5)
  A dread lich (Abyss:1)
  Bai Suzhen (Swamp:3)
  Boris (twice) (Depths:4 Zot:3)
  Margery (Vaults:2)
  Vashnia (Snake:4)
  A caustic shrike (Depths:2)
  2 curse toes
  3 golden dragons
  3 profane servitors
  Nikola (Depths:2)
  2 doom hounds (Depths:4)
  An Ice Fiend (Zot:2)
  2 Hell Sentinels (Abyss:1)
  5 tentacled monstrosities
  A walking earthen tome (Depths:2)
  2 titans
  A walking divine tome (Depths:2)
  7 Orb Guardians
  A pandemonium lord (Zot:2)
  3 liches
  Grunn (Depths:4)
  2 deep elf blademasters (Elf:3)
  A deep elf master archer (Elf:3)
  Asterion (Elf:3)
  14 acid blobs
  2 quicksilver dragons
  An Executioner (D:10)
  7 sphinxes
  3 shadow dragons
  2 tengu reavers (Vaults:5)
  3 tentacled starspawn
  A revenant (Abyss:2)
  5 storm dragons
  A draconian monk (Zig:4)
  Donald (Swamp:3)
  10 frost giants
  7 azure jellies
  6 nagarajas
  4 fenstrider witches
  8 rockslimes
  A juggernaut zombie (Abyss:2)
  A ghost moth (Zot:5)
  A draconian scorcher (Depths:4)
  4 fire giants
  8 deep elf sorcerers
  A balrug (Abyss:1)
  A draconian knight (Zot:4)
  14 vault wardens
  Aizul (Snake:4)
  Louise (Depths:3)
  A draconian shifter (Abyss:2)
  4 deep elf elementalists (Elf:3)
  2 draconian stormcallers
  18 ironbound preservers
  A demonspawn corrupter (D:10)
  A demonspawn blood saint (D:1)
  3 draconian annihilators
  8 quicksilver oozes
  2 spriggan defenders (Depths:2)
  A war gargoyle (Vaults:4)
  A reaper (Abyss:2)
  A starflower (Abyss:2)
  12 stone giants
  19 very ugly things
  A deep elf demonologist (Elf:1)
  4 green draconians
  5 ironbound thunderhulks
  4 vampire knights
  8 eleionomae
  A lorocyproca (Depths:4)
  8 deep elf annihilators
  A white draconian (Abyss:2)
  Azrael (D:15)
  2 red draconians
  3 black draconians
  4 purple draconians
  14 dire elephants
  2 eidola
  6 spark wasps
  4 bunyips
  4 yellow draconians
  2 mummy priests (Zig:3)
  A merfolk javelineer (Depths:1)
  A green death (Zot:2)
  9 ettins
  6 deep elf death magi
  A blizzard demon (Abyss:2)
  A crystal guardian (Abyss:4)
  10 fire dragons
  7 deep elf high priests
  5 jiangshi (Depths:2)
  3 entropy weavers
  9 yaktaur captains
  32 vault guards
  14 great orbs of eyes
  2 great orbs of eyes (shapeshifter) (Abyss:4)
  Fannar (Lair:2)
  A peacekeeper (Vaults:4)
  15 hydras
  Harold (Lair:1)
  A hell beast (Zot:5)
  4 centaur warriors
  10 ice dragons
  2 ogre magi
  2 demonspawn (Orc:2)
  6 rakshasas
  3 salamander tyrants
  A spriggan air mage (Depths:1)
  3 ghost crabs
  6 alligators
  27 dancing weapons
  A merfolk avatar (Lair:5)
  9 boulder beetles
  10 ironbound frosthearts
  6 tengu warriors
  14 naga warriors
  4 deep troll earth magi (Depths:2)
  15 anacondas
  6 thrashing horrors
  Urug (Lair:3)
  4 vampire magi
  19 hell knights
  6 orc high priests (Orc:2)
  11 two-headed ogres
  6 death yaks (Lair:4)
  2 spriggan berserkers
  15 naga sharpshooters
  7 shock serpents
  3 soul eaters
  Sonja (Lair:3)
  2 fire crabs (Swamp:4)
  4 skysharks
  8 deep elf knights
  A shadow wraith (Vaults:5)
  A skeletal warrior (Vaults:3)
  6 wretched stars
  5 salamander mystics
  4 sea snakes
  A sixfirhy (Abyss:1)
  7 goliath frogs
  A cherub (Zot:2)
  43 deep trolls
  3 spriggan druids
  4 glowing orange brains
  12 naga ritualists
  2 flayed ghosts
  3 death drakes
  7 orc knights
  19 ironbound convokers
  15 lindwurms
  2 shadow demons
  10 wizards
  3 bog bodies
  14 swamp dragons
  2 deep elf archers
  5 necromancers
  3 phantasmal warriors
  24 deep elf pyromancers
  25 starcursed masses
  An anaconda skeleton (Abyss:2)
  A sphinx zombie (Depths:3)
  7 harpies
  8 mana vipers
  13 ugly things
  22 deep elf zephyrmancers
  A salamander (shapeshifter) (Depths:3)
  4 manticores
  10 cyclopes
  5 orc sorcerers (Orc:2)
  3 shining eyes
  25 salamanders
  A cyclops (shapeshifter) (Depths:3)
  An iron dragon skeleton (Depths:3)
  7 elephants
  3 will-o-the-wisps
  An elephant (shapeshifter) (Depths:1)
  10 guardian serpents
  7 moths of wrath
  A worldbinder (Abyss:2)
  17 naga magi
  86 slime creatures
  2 guardian serpents (shapeshifter) (Abyss:4)
  33 black mambas
  13 vault sentinels
  An eye of devastation (Slime:5)
  A rust devil (Orc:2)
  Joseph (D:7)
  A water nymph (shapeshifter) (Abyss:3)
  6 orange demons
  5 smoke demons
  14 cane toads
  A naga zombie (Abyss:1)
  A kobold demonologist (Abyss:2)
  2 torpor snails
  10 unseen horrors
  2 freezing wraiths
  15 komodo dragons
  24 yaktaurs
  An efreet (Depths:1)
  4 tengu conjurers
  2 ice devils
  4 rime drakes
  2 red devils
  2 guardian mummies (Zig:3)
  3 polar bears
  8 trolls
  2 harpy zombies (Abyss:2)
  A wind drake (Lair:5)
  4 ancient zymes
  9 tyrant leeches
  12 hornets
  A tarantella (Vaults:1)
  15 blink frogs
  A wolf spider simulacrum (D:15)
  6 raiju
  A jumping spider (shapeshifter) (Depths:4)
  2 snapping turtles (Lair:5)
  A flying skull (Vaults:3)
  2 air elementals
  2 wyverns
  14 spriggans
  2 vampires
  4 wraiths
  9 water elementals
  4 ynoxinuls
  3 basilisks
  59 yaks
  4 fire elementals
  3 hogs (Swamp:3)
  A neqoxec (Abyss:2)
  7 steam dragons
  5 chaos spawn
  A basilisk (shapeshifter) (Depths:3)
  4 golden eyes
  2 redbacks (Vaults:1)
  An ushabti (Zig:3)
  A hog (shapeshifter) (Abyss:2)
  12 vampire mosquitoes
  A redback (shapeshifter) (Depths:4)
  A glowing shapeshifter zombie (Depths:3)
  19 swamp worms
  Edmund (D:4)
  38 nagas
  A warg (Orc:1)
  2 acid dragons (D:10)
  25 large abominations
  A floating eye (Slime:4)
  6 water moccasins
  9 swamp drakes
  A floating eye (shapeshifter) (Elf:1)
  2 hell hounds (D:15)
  35 orc warriors
  2 black bears
  A glowing shapeshifter skeleton (Depths:3)
  An ice beast (D:5)
  A sky beast (Abyss:2)
  10 ogres
  19 wolves
  A tengu (shapeshifter) (Vaults:5)
  3 boggarts (D:15)
  6 centaurs
  4 kobold brigands
  2 phantoms
  2 small abominations
  3 earth elementals
  3 scorpions
  7 bullfrogs
  3 gnoll sergeants
  3 necrophages
  12 wights
  7 electric eels
  5 howler monkeys
  A crimson imp (Abyss:1)
  9 hounds
  2 iron imps (Abyss:1)
  3 jellies
  30 orc priests
  Ijyb (D:5)
  2 iguanas
  24 orc wizards
  A mummy (Zig:3)
  Robin (D:3)
  6 gnolls
  10 adders
  A shadow imp (Abyss:1)
  2 white imps
  2 ufetubi (Abyss:2)
  3 worms
  6 dart slugs
  101 orcs
  3 endoplasms
  7 giant cockroaches
  10 hobgoblins
  2 jackals (D:2)
  3 quokkas
  12 ball pythons
  3 bats
  2 frilled lizards (D:1)
  17 goblins
  25 kobolds
  5 rats
  A lurking horror (Abyss:4)
  A starspawn tentacle (Abyss:2)
1983 creatures vanquished.

Vanquished Creatures (collateral kills)
  Zenata (Vaults:4)
  An azure jelly (Slime:5)
  A crystal guardian (Abyss:4)
  A fire dragon (Swamp:4)
  A dancing weapon (Elf:2)
  A deep elf zephyrmancer (Elf:2)
  A will-o-the-wisp (Swamp:4)
  A slime creature (Slime:5)
  A swamp drake (Swamp:4)
9 creatures vanquished.

Vanquished Creatures (others)
  Kirke (Swamp:3)
  An eleionoma (Swamp:1)
  3 deep elf knights (Elf:2)
  A deep elf zephyrmancer (Elf:2)
  A will-o-the-wisp (Swamp:1)
  2 bloated husks
  A blink frog (Abyss:2)
  A raiju (Abyss:2)
  A steam dragon (Swamp:4)
  A naga (Snake:3)
  An orc warrior (Orc:2)
  A swamp drake (Swamp:4)
  39 foxfires
  24 fungi
  A lurking horror (Abyss:4)
  47 plants
  A starspawn tentacle (Abyss:2)
127 creatures vanquished.

Grand Total: 2119 creatures vanquished

Notes
Turn   | Place    | Note
-------+----------+-------------------------------------------
     0 | D:1      | Valamore the Armataur Berserker began the quest for the
                  | Orb.
     0 | D:1      | Reached XP level 1. HP: 19/19 MP: 1/1
   126 | D:1      | Reached XP level 2. HP: 27/27 MP: 2/2
   461 | D:1      | Reached ** piety under Trog
   578 | D:1      | Reached XP level 3. HP: 32/33 MP: 3/3
   979 | D:2      | Found Mimoudgh's Antique Weapon Boutique.
  1356 | D:2      | Reached XP level 4. HP: 30/42 MP: 4/4
  1679 | D:3      | Found an ancient bone altar of Kikubaaqudgha.
  1712 | D:3      | Found a bloodstained altar of Trog.
  2044 | D:3      | Reached XP level 5. HP: 46/49 MP: 5/5
  2116 | D:3      | Found a sacrificial altar of Ru.
  2121 | D:3      | Noticed Robin
  2132 | D:3      | Reached *** piety under Trog
  2137 | D:3      | Killed Robin
  2855 | D:3      | Found a snail-covered altar of Cheibriados.
  3040 | D:4      | Noticed a phantom
  3051 | D:4      | Killed a phantom
  3052 | D:4      | Reached XP level 6. HP: 56/58 MP: 6/6
  3151 | D:4      | Found Pubenoh's Jewellery Shoppe.
  3203 | D:4      | Reached skill level 5 in Fighting
  3243 | D:4      | Reached skill level 5 in Maces & Flails
  3402 | D:4      | Found a shadowy altar of Dithmenos.
  3815 | D:4      | Noticed Edmund
  3826 | D:4      | Killed Edmund
  3895 | D:4      | Reached XP level 7. HP: 65/65 MP: 7/7
  4107 | D:5      | Entered Level 5 of the Dungeon
  4383 | D:5      | Found a burning altar of Makhleb.
  4385 | D:5      | Found a glowing silver altar of Zin.
  4385 | D:5      | Noticed an angel
  4386 | D:5      | Noticed a green death
  4711 | D:5      | Noticed Ijyb
  4720 | D:5      | Killed Ijyb
  4783 | D:5      | Reached XP level 8. HP: 74/75 MP: 8/8
  5487 | D:6      | Reached skill level 1 in Axes
  5487 | D:6      | Found a staircase to the Ecumenical Temple.
  5622 | D:6      | Found a hazy altar of Hepliaklqana.
  5867 | D:7      | Noticed Joseph
  5882 | D:7      | Killed Joseph
  5883 | D:7      | Reached XP level 9. HP: 69/86 MP: 9/9
  5979 | D:7      | Identified the ring of Honaxa {Fire Will+ Dex+3 Slay-4}
  5988 | D:7      | Reached **** piety under Trog
  6756 | D:7      | Found a stormy altar of Qazlal.
  6757 | D:7      | Found a shimmering blue altar of Sif Muna.
  6894 | D:8      | Reached skill level 5 in Axes
  7609 | D:8      | Noticed a cyclops
  7615 | D:8      | Killed a cyclops
  7616 | D:8      | Reached XP level 10. HP: 48/97 MP: 10/10
  8053 | D:8      | Reached ***** piety under Trog
  8893 | D:9      | Reached skill level 10 in Maces & Flails
  9509 | D:9      | Received a gift from Trog
  9597 | D:9      | Found a staircase to the Lair.
  9841 | D:10     | Entered Level 10 of the Dungeon
 10593 | D:10     | Noticed a two-headed ogre
 10599 | D:10     | Reached XP level 11. HP: 103/103 MP: 11/11
 10600 | D:10     | Killed a two-headed ogre
 10862 | D:10     | Reached skill level 5 in Armour
 11349 | D:11     | Found a portal to a secret trove of treasure.
 11363 | Trove    | Entered a treasure trove
 11365 | Trove    | Found a bloodstained altar of Trog.
 11390 | Trove    | Identified the +8 great mace of Intuition {heavy, rF+ rC-
                  | rCorr Str+4}
 11413 | Trove    | Identified the +4 dire flail of the Whale {spect, rF+
                  | Dex+3}
 11619 | D:11     | Noticed a two-headed ogre
 11630 | D:11     | Killed a two-headed ogre
 11824 | D:11     | Noticed a boulder beetle
 11843 | D:11     | Killed a boulder beetle
 12267 | D:11     | Found a staircase to the Orcish Mines.
 12358 | Lair:1   | Entered Level 1 of the Lair of Beasts
 12380 | Lair:1   | You fall into a shaft and drop 1 floor!
 12380 | Lair:2   | Noticed Fannar
 12594 | Lair:1   | Identified the +1 leather armour "Sonipseaf" {rN+ Dex+3}
 12646 | Lair:1   | Reached skill level 1 in Shields
 12775 | Lair:1   | Reached skill level 2 in Shields
 13048 | Lair:1   | Reached skill level 3 in Shields
 13051 | Lair:1   | Reached XP level 12. HP: 39/111 MP: 12/12
 13560 | Lair:1   | Noticed Harold
 13568 | Lair:1   | Killed Harold
 13642 | Lair:1   | Reached skill level 4 in Shields
 14055 | Lair:2   | Reached skill level 5 in Shields
 14152 | Lair:2   | Killed Fannar
 14177 | Lair:2   | Reached skill level 15 in Maces & Flails
 14297 | Lair:2   | Reached * piety under Trog
 14334 | Lair:2   | Reached skill level 6 in Shields
 14348 | Lair:2   | Noticed an eight-headed hydra
 14353 | Lair:2   | Killed an eight-headed hydra
 14710 | Lair:2   | Reached skill level 7 in Shields
 14928 | Lair:3   | Noticed a five-headed hydra
 14933 | Lair:3   | Killed a five-headed hydra
 15130 | Lair:3   | Noticed Sonja
 15136 | Lair:3   | Killed Sonja
 15273 | Lair:3   | Noticed Urug
 15282 | Lair:3   | Killed Urug
 15283 | Lair:3   | Reached skill level 8 in Shields
 15348 | Lair:3   | Noticed a seven-headed hydra
 15348 | Lair:3   | Noticed a seven-headed hydra
 15357 | Lair:3   | Killed a seven-headed hydra
 15358 | Lair:3   | Reached XP level 13. HP: 118/118 MP: 13/13
 15545 | Lair:3   | Found a staircase to the Swamp.
 15647 | Lair:3   | Found a staircase to the Snake Pit.
 16096 | Lair:4   | Found a staircase to the Slime Pits.
 16183 | Lair:4   | Reached skill level 9 in Shields
 16468 | Lair:4   | Reached skill level 10 in Fighting
 16540 | Lair:4   | Reached skill level 10 in Shields
 16753 | Lair:4   | Found an ornate altar of the Wu Jian Council.
 17152 | Lair:4   | Found a hide-covered altar of Uskayaw.
 17293 | Lair:5   | Entered Level 5 of the Lair of Beasts
 17599 | Lair:5   | Noticed a dire elephant
 17613 | Lair:5   | Killed a dire elephant
 17809 | Lair:5   | Reached XP level 14. HP: 103/130 MP: 14/14
 18144 | Lair:5   | Found the +3 pair of gauntlets of War {Slay+5}
 18308 | Lair:5   | Reached skill level 11 in Shields
 18322 | Lair:5   | Identified the +10 trident "Giantslayer" {antimagic, rPois
                  | rC+ Stlth+}
 20439 | D:13     | Found a runed translucent gate.
 20439 | D:13     | Found a runed translucent gate.
 20439 | D:13     | Found a runed translucent gate.
 20476 | D:13     | Reached skill level 12 in Shields
 21198 | D:13     | Found a gate to the Vaults.
 21243 | D:13     | Reached skill level 13 in Shields
 21674 | D:13     | Noticed Ithuta Obua's ghost (journeyman MiBe)
 22034 | D:14     | Found a runed translucent gate.
 22034 | D:14     | Found a runed translucent gate.
 22034 | D:14     | Found a runed translucent gate.
 22040 | D:14     | Found an opulent altar of Gozag.
 22041 | D:14     | Noticed a tengu reaver
 22041 | D:14     | Noticed Jiolyugh's ghost (journeyman GrEE)
 22168 | D:15     | Entered Level 15 of the Dungeon
 22258 | D:15     | Reached skill level 10 in Armour
 22258 | D:15     | Reached skill level 14 in Shields
 22258 | D:15     | Reached XP level 15. HP: 141/141 MP: 15/15
 22258 | D:15     | Reached XP level 16. HP: 148/148 MP: 16/16
 22259 | D:15     | Reached skill level 16 in Shields
 22259 | D:15     | Reached XP level 17. HP: 156/156 MP: 17/17
 22259 | D:15     | Reached XP level 18. HP: 164/164 MP: 18/18
 22262 | D:15     | Noticed Azrael
 22272 | D:15     | Killed Azrael
 22274 | D:15     | Reached skill level 17 in Shields
 22274 | D:15     | Reached XP level 19. HP: 114/174 MP: 19/19
 22274 | D:15     | Reached XP level 20. HP: 119/182 MP: 20/20
 22677 | D:15     | Reached XP level 21. HP: 150/190 MP: 21/21
 22871 | D:15     | Found a staircase to the Depths.
 22876 | D:15     | Received a gift from Trog
 23407 | Snake:1  | Entered Level 1 of the Snake Pit
 23429 | Snake:1  | Found Gidog's Armour Emporium.
 23466 | Snake:1  | Reached skill level 5 in Dodging
 24205 | Snake:1  | Identified the +8 great sword of the Equinox {spect, rF+
                  | rC+ Will- Dex+5}
 25110 | Snake:2  | Found Eoismah's Eclectic Emporium.
 25316 | Orc:1    | Entered Level 1 of the Orcish Mines
 25795 | Orc:2    | Entered Level 2 of the Orcish Mines
 25883 | Orc:2    | Found Cotiebao's General Store.
 25884 | Orc:2    | Found Wuneaq's General Store.
 26110 | Orc:2    | Received a gift from Trog
 26132 | Orc:2    | Bought a scroll of fear for 56 gold pieces
 26178 | Orc:2    | Paralysed by an orc sorcerer for 4 turns
 26459 | Orc:2    | Found Codghea's Jewellery Boutique.
 26459 | Orc:2    | Found Untapath's Antique Armour Shop.
 26460 | Orc:2    | Found a one-way gate leading to the halls of Pandemonium.
 26630 | Orc:2    | Found a staircase to the Elven Halls.
 26854 | Orc:2    | Found Limniaps's Magic Scroll Shoppe.
 26884 | Orc:2    | Reached ****** piety under Trog
 26904 | Orc:2    | Bought a scroll of blinking for 112 gold pieces
 27095 | Orc:2    | Bought the +8 storm dragon scales of Qazlal's Favour {rElec
                  | rPois} for 1450 gold pieces
 27095 | Orc:2    | Bought a scroll of identify for 24 gold pieces
 27145 | Orc:2    | Bought a scroll of acquirement for 780 gold pieces
 27145 | Orc:2    | Acquired the +0 barding "Afaez" {Regen+ Int-3 Dex+2}
 27471 | Snake:2  | Received a gift from Trog
 28033 | Snake:3  | Reached skill level 10 in Dodging
 28273 | Snake:3  | Reached skill level 18 in Shields
 28943 | Snake:4  | Entered Level 4 of the Snake Pit
 28974 | Snake:4  | Received a gift from Trog
 29722 | Snake:4  | Reached skill level 19 in Shields
 29756 | Snake:4  | Received a gift from Trog
 29941 | Snake:4  | Reached XP level 22. HP: 201/203 MP: 22/22
 30004 | Snake:4  | Noticed Vashnia
 30028 | Snake:4  | Killed Vashnia
 30139 | Snake:4  | Got a serpentine rune of Zot
 30275 | Snake:4  | Noticed Aizul
 30284 | Snake:4  | Killed Aizul
 30714 | Swamp:1  | Entered Level 1 of the Swamp
 30734 | Swamp:1  | Reached skill level 15 in Fighting
 30938 | Swamp:1  | Received a gift from Trog
 30986 | Swamp:1  | Reached skill level 20 in Shields
 31057 | Swamp:1  | Acquired 930 gold pieces
 32153 | Swamp:3  | Reached skill level 1 in Evocations
 32178 | Swamp:3  | Noticed Donald
 32188 | Swamp:3  | Killed Donald
 32196 | Swamp:3  | Noticed Bai Suzhen
 32206 | Swamp:3  | Killed Bai Suzhen
 32207 | Swamp:3  | Reached skill level 21 in Shields
 32223 | Swamp:3  | Received a gift from Trog
 32330 | Swamp:3  | Noticed Kirke
 32340 | Swamp:3  | Killed Kirke
 32700 | Swamp:4  | Entered Level 4 of the Swamp
 33219 | Swamp:4  | Reached skill level 5 in Evocations
 33800 | Swamp:4  | Got a decaying rune of Zot
 34081 | Orc:2    | Bought a scroll of summoning for 142 gold pieces
 34413 | Orc:2    | Bought a ring of protection from fire for 300 gold pieces
 34608 | Vaults:1 | Entered Level 1 of the Vaults
 34608 | Vaults:1 | Found Koischyqi's Weapon Boutique.
 34698 | Vaults:1 | Received a gift from Trog
 35069 | Vaults:1 | Reached skill level 10 in Axes
 35399 | Vaults:1 | Reached XP level 23. HP: 206/212 MP: 23/23
 35606 | Vaults:1 | Received a gift from Trog
 36139 | Vaults:2 | Found Zybly's Jewellery Boutique.
 36154 | Vaults:2 | Bought an amulet of regeneration for 540 gold pieces
 36624 | Vaults:2 | Found Gorheunk's Armour Boutique.
 36636 | Vaults:2 | Found Fenov's Antique Weapon Shoppe.
 36805 | Vaults:2 | Noticed Margery
 36822 | Vaults:2 | Killed Margery
 37590 | Vaults:3 | Received a gift from Trog
 37962 | Vaults:3 | Reached skill level 10 in Evocations
 38191 | Vaults:3 | Found a staircase to the Crypt.
 38281 | Vaults:3 | Received a gift from Trog
 39131 | Vaults:4 | Paralysed by a sphinx for 2 turns
 39201 | Vaults:4 | Noticed Zenata
 39211 | Vaults:4 | Killed Zenata
 39211 | Vaults:4 | Received a gift from Trog
 39324 | Vaults:4 | Reached XP level 24. HP: 215/216 MP: 23/23
 40513 | Elf:1    | Entered Level 1 of the Elven Halls
 40657 | Elf:1    | Identified the +5 cloak of the Trilobite {Stlth+}
 40804 | Elf:1    | Reached skill level 15 in Axes
 40892 | Elf:1    | Found Zaox's Book Emporium.
 41012 | Elf:1    | Paralysed by an air elemental for 1 turns
 41554 | Elf:2    | Received a gift from Trog
 41557 | Elf:2    | Paralysed by an air elemental for 1 turns
 41600 | Elf:2    | Found Jaosky's Armour Shoppe.
 41861 | Elf:2    | Found a runed translucent gate.
 41861 | Elf:2    | Found a runed translucent gate.
 41861 | Elf:2    | Found a runed translucent gate.
 42424 | Elf:3    | Entered Level 3 of the Elven Halls
 42624 | Elf:3    | Noticed Asterion
 42632 | Elf:3    | Killed Asterion
 42857 | Elf:3    | Received a gift from Trog
 43045 | Elf:3    | Identified the +7 scimitar "Utesuy" {antimagic, Drain rElec
                  | rC+ Int+7}
 43351 | Elf:3    | Identified the ring "Poesoll" {rPois rN+ rCorr Int-2
                  | Stlth+}
 43751 | Elf:3    | Identified the +1 hand axe "Quroath" {distort, rElec rCorr
                  | Str-5 SInv}
 43873 | Elf:3    | Identified the +0 helmet of the Good {rC+ Dex+2}
 43886 | Elf:3    | Identified the +5 glaive of Flawed Execution {holy, Int-3
                  | Dex+3 SInv}
 43887 | Elf:3    | Identified the +1 cloak "Mekhom" {Contam rPois Regen+
                  | Str-4}
 43979 | Elf:3    | Acquired a manual of Dodging
 44321 | Slime:1  | Entered Level 1 of the Pits of Slime
 44406 | Slime:1  | Received a gift from Trog
 44441 | Slime:2  | Reached skill level 1 in Throwing
 44847 | Slime:3  | Gained mutation: You are somewhat resistant to further
                  | mutation. [a shining eye]
 44918 | Slime:4  | Paralysed by a floating eye for 3 turns
 44952 | Slime:5  | Entered Level 5 of the Pits of Slime
 45027 | Slime:5  | Found a viscous altar of Jiyva.
 45027 | Slime:5  | Noticed the Royal Jelly
 45045 | Slime:5  | Reached XP level 25. HP: 224/236 MP: 23/23
 45057 | Slime:5  | Reached skill level 5 in Throwing
 45061 | Slime:5  | Received a gift from Trog
 45081 | Slime:5  | Killed the Royal Jelly
 45182 | Slime:5  | Identified the ring "Reanuixe" {rCorr Int+6}
 45200 | Slime:5  | Identified the +7 swamp dragon scales of the Crafting Gods
                  | {rPois Dex+3}
 45231 | Slime:5  | Identified the +8 mace of the Skies Above {protect, Str+2}
 45233 | Slime:5  | Got a slimy rune of Zot
 45251 | Slime:5  | Identified the +8 war axe "Hus Qen" {venom, rC+ Dex+4}
 45260 | Slime:5  | Identified the +7 battleaxe of Fury {heavy, rF+ Dex+2}
 45604 | Depths:1 | Entered Level 1 of the Depths
 45663 | Depths:1 | Identified the ring "Lallav" {Wiz rN+ Int+3 Dex+3}
 45666 | Depths:1 | Found Ykuske's Gadget Gallery.
 45833 | Depths:1 | Found a glowing golden altar of the Shining One.
 45968 | Depths:1 | Found Couwiotu's Assorted Antiques.
 46003 | Depths:1 | Found Qutiaw's Armour Boutique.
 46042 | Depths:1 | Received a gift from Trog
 46207 | Depths:1 | Found a gateway to Hell.
 47322 | Depths:2 | Noticed Nikola
 47328 | Depths:2 | Killed Nikola
 47423 | Depths:2 | Reached skill level 10 in Throwing
 47426 | Depths:2 | Identified the +5 mace "Cileqeet" {flame, rC- rN+ Dex+3}
                  | (Trog gifted it to you on level 2 of the Depths)
 47426 | Depths:2 | Received a gift from Trog
 48293 | Depths:3 | Noticed Louise
 48311 | Depths:3 | Killed Louise
 48329 | Depths:3 | Found a one-way gate to the infinite horrors of the Abyss.
 48815 | Depths:4 | Entered Level 4 of the Depths
 48818 | Depths:4 | Received a gift from Trog
 48918 | Depths:4 | Found a gate to the Realm of Zot.
 48972 | Depths:4 | Noticed Grunn
 48994 | Depths:4 | Killed Grunn
 48995 | Depths:4 | Reached skill level 15 in Armour
 49146 | Depths:4 | Found a one-way gateway to a ziggurat.
 49164 | Zig:1    | Entered Level 1 of a ziggurat
 49167 | Zig:1    | Reached XP level 26. HP: 233/234 MP: 23/23
 49180 | Zig:2    | Entered Level 2 of a ziggurat
 49198 | Zig:3    | Entered Level 3 of a ziggurat
 49293 | Zig:4    | Entered Level 4 of a ziggurat
 49315 | Zig:4    | Reached XP level 27. HP: 213/250 MP: 23/23
 49540 | Depths:4 | Noticed Boris
 49554 | Depths:4 | Killed Boris
 49968 | Depths:4 | Voluntarily entered the Abyss.
 50201 | Abyss:1  | Received a gift from Trog
 50295 | Abyss:1  | Noticed a dread lich
 50303 | Abyss:1  | Killed a dread lich
 50568 | Abyss:2  | Found a corrupted altar of Lugonu.
 50631 | Abyss:2  | Found a corrupted altar of Lugonu.
 50770 | Abyss:2  | Paralysed by accursed screaming for 1 turns
 51111 | Abyss:2  | Received a gift from Trog
 51151 | Depths:4 | Escaped the Abyss
 51202 | Depths:4 | Voluntarily entered the Abyss.
 51278 | Abyss:2  | Reached skill level 15 in Dodging
 51419 | Abyss:4  | Paralysed by accursed screaming for 1 turns
 51454 | Abyss:4  | Got an abyssal rune of Zot
 51460 | Depths:4 | Escaped the Abyss
 52034 | Vaults:5 | Entered Level 5 of the Vaults
 52051 | Vaults:5 | Received a gift from Trog
 52174 | Vaults:5 | Identified the ring "Tamm" {rPois rF+ rN+++ MP-9 SInv}
 52187 | Vaults:5 | Got a silver rune of Zot
 52195 | Vaults:5 | Identified the +0 scale mail of Negligence {+Inv rElec
                  | Will+ Regen+ Int-3}
 52262 | Vaults:5 | Identified the ring of Zomorome {rElec rPois rN+ Str+6
                  | Stlth-}
 52266 | Vaults:5 | Received a gift from Trog
 52273 | Vaults:4 | Reached skill level 15 in Evocations
 52799 | Zot:1    | Entered Level 1 of the Realm of Zot
 53362 | Elf:2    | Bought the +6 gold dragon scales "Xidoph" {rPois rF+ rC+
                  | Regen+ Str+5 Int-4} for 1922 gold pieces
 54493 | Zot:5    | Entered Level 5 of the Realm of Zot
 54874 | Zot:5    | Noticed an ancient lich
 54874 | Zot:5    | Noticed an orb of fire
 54879 | Zot:5    | Gained mutation: Your magical capacity is low. (-10% MP)
                  | [an orb of fire]
 54881 | Zot:5    | Got the Orb of Zot
 54882 | Zot:5    | Noticed an orb of fire
 54882 | Zot:5    | Noticed an ancient lich
 54884 | Zot:5    | Gained mutation: You are vulnerable to cold. (rC-)
                  | [mutagenic glow]
 54920 | Zot:5    | Gained mutation: You are dopey. (Int -2) [mutagenic glow]
 54963 | Zot:3    | Noticed Boris
 54979 | Zot:3    | Killed Boris
 55069 | Zot:2    | Noticed Lajydiro the pandemonium lord
 55080 | Zot:2    | Killed Lajydiro the pandemonium lord
 55167 | Depths:4 | Noticed Huocir the pandemonium lord
 55439 | D:10     | Received a gift from Trog
 55653 | D:1      | Gained mutation: You occasionally lose the ability to read
                  | scrolls when taking damage. [a cacodemon]
 55656 | D:$      | Escaped with the Orb!

Illustrated notes

Levels and vault maps discovered:
D:1:      lightli_arrival_isolated_outpost, layout_basic
D:2:      layout_rooms, serial_shops,
          nicolae_shop_temple_entry_statues_fountains
D:3:      layout_rooms, nicolae_ru_sacrificial_ziggurat,
          mainiacjoe_overflow_alcove_1, mainiacjoe_overflow_tiny_flanked,
          mainiacjoe_overflow_chevrons, minmay_snake_closets, uniq_robin
D:4:      layout_basic, lemuel_tele_altar, serial_shops, shop, uniq_edmund
D:5:      layout_layer_cave, grunt_temple_overflow_order_and_chaos_2, uniq_ijyb
D:6:      layout_rooms, overflow_temple_1_default, temple_fountains
D:7:      layout_layer_cave, chequers_temple_overflow_statue_of_worship,
          uniq_joseph
D:8:      layout_basic, special_room [special_room_orc], supply_closet_lemuel,
          nicolae_benzene_ring
D:9:      layout_long_grid, erik_lair_island
D:10:     minmay_ornate_pinched, layout_long_grid
D:11:     layout_irregular_city, orc_0_dummy, enter_trove_0
D:12:     layout_roguey, serial_co_window_serial, co_window_of_opportunity_a,
          co_window_corner_a, co_window_paths_a, co_window_corner_a,
          co_window_corner_a, co_window_paths_b, co_window_2corner,
          co_window_unsneaky_path_b, co_window_2corner, co_window_broadway_a,
          co_window_broadway_b, co_window_4corner_b, co_window_paths_e
D:13:     layout_grid_maze, erik_vaults_2, gammafunk_ghost_necromancy,
          minmay_misc_feat_more_columns, nrook_guardian_serpent_ordinary
D:14:     layout_rooms, ebering_ghost_gozag, serial_bayou_pond_e
D:15:     hangedman_depths_entry_try_elsewhere_first, layout_long_grid,
          small_statue_intersection, uniq_azrael
Lair:1:   layout_long_grid, serial_bayou_shore_a, infiniplex_staircase_pool_2,
          uniq_harold
Lair:2:   layout_misc_corridors, serial_bayou_shore_b, serial_bayou_shore_b,
          uniq_fannar
Lair:3:   layout_roguey, palyth_hydra_swamp_entry,
          minmay_snake_entry_spellcaster, uniq_sonja, uniq_urug
Lair:4:   layout_regular_city, slime_entry_1, nzn_masters_of_martial_movement
Lair:5:   gammafunk_lair_ancient_temple, layout_cave_pods, grunt_megastairs_5
Swamp:1:  layout_basic_swamp, evilmike_swamp_ruin_house_2
Swamp:2:  nzn_winding_woodlands_medium [nzn_winding_woodlands_5x5_cross,
          nzn_winding_woodlands_5x15_pool, nzn_winding_woodlands_5x5_three,
          nzn_winding_woodlands_5x5_default,
          nzn_winding_woodlands_center_diamonds,
          nzn_winding_woodlands_5x5_checkerboard,
          nzn_winding_woodlands_hourglass,
          nzn_winding_woodlands_5x15_split_checker,
          nzn_winding_woodlands_5x5_open_star], layout_basic_swamp,
          evilmike_swamp_ruin_house_6
Swamp:3:  layout_basic_swamp, nicolae_swamp_little_swirl, uniq_donald,
          uniq_kirke, uniq_bai_suzhen
Swamp:4:  swamp_fiery, layout_basic_swamp
Snake:1:  layout_onion, serial_shops, nicolae_square_shop,
          fake_guardian_serpent_vault
Snake:2:  layout_honeycomb, nicolae_alphabet_shops
Snake:3:  layout_honeycomb, st_stairs_4, guppyfry_snake_island
Snake:4:  grunt_snake_rune_serpentine_throne, layout_layer_cave,
          grunt_megastairs_3, lemuel_fruit_tree, uniq_aizul
Slime:1:  nicolae_slime_infinislime, layout_caves
Slime:2:  layout_caves, basic_altar, nicolae_slime_rock_hall_of_fame
Slime:3:  cheibrodos_slime_lost_civilization_8, layout_caves
Slime:4:  layout_caves, nicolae_slime_barrier
Slime:5
Orc:1:    layout_caves, basic_altar
Orc:2:    pf_orc_diabolical, layout_diamond_mine, serial_shops,
          nicolae_shop_statue_plus, minmay_orc_temple_a
Elf:1:    minmay_elf_arrival_summoners, layout_loops_corners, serial_shops,
          shop_fountains, minmay_elf_demonology, bh_hangedman_babel_library
Elf:2:    nicolae_elf_blades_splatter_lattice [nicolae_blade_entry_antechamber],
          layout_rooms, serial_shops, shop
Elf:3:    minmay_elf_hall_x, layout_geoelf_grid, uniq_asterion
Vaults:1: st_squares, nicolae_vaults_ring_of_whatevers,
          ontoclasm_vaults_claustrophobia, nicolae_vaults_network_s, v_misc_25,
          hangedman_vaults_locks, hangedman_vaults_hat, v_misc_9,
          ontoclasm_vaults_misaligned, vaults_dpeg_doors,
          ontoclasm_vaults_pinch, ontoclasm_vaults_chip,
          nicolae_vaults_ring_of_whatevers, dpeg_vaults_monster_box,
          layout_vaults_ring, serial_shops, shop
Vaults:2: v_rooms_3, nicolae_vaults_good_morning_starshine, v_misc_2,
          vaults_room_octagon, ontoclasm_vaults_ring_square, v_pattern_1,
          v_misc_4, nicolae_vaults_windows_and_doors_thing,
          nicolae_vaults_network_periphery, vaults_dpeg_cross,
          nicolae_vaults_little_ls, nicolae_vaults_little_squares_6,
          layout_vaults_maze, serial_shops, nicolae_shop_behind_doors,
          nicolae_shop_temple_entry_statues_fountains, nicolae_shop_trees,
          uniq_margery
Vaults:3: st_diamondy, ontoclasm_vaults_hangar,
          minmay_crypt_entry_simple_statues, hangedman_vaults_unwind,
          vaults_dpeg_ring, vaults_mumra_minichess_inversion,
          layout_vaults_omnigrid
Vaults:4: infiniplex_enter_wizlab_glasses, nicolae_vaults_little_squares_4,
          v_misc_9, hangedman_vaults_restitches, v_pattern_5,
          vaults_room_corners, vaults_room_fours, vaults_room_pools,
          ontoclasm_vaults_decontamination, layout_vaults_chaotic_city,
          uniq_zenata
Vaults:5: uniq_sojobo
Depths:1: layout_basic, serial_shops, shop_statue, shop,
          pf_hell_entry_tar_spiral, nicolae_tso_carved_into_rock,
          nicolae_shop_gadgets
Depths:2: minmay_nested_s, layout_honeycomb, rand_demon_pan_entry_3, hell_entry,
          uniq_nikola
Depths:3: evilmike_horseshoe, layout_basic, minmay_misc_feat_doors,
          nicolae_abyss_entry_one_way_or_another, hell_entry,
          infiniplex_staircase_pillars_1, serial_bayou_shore_b,
          serial_bayou_shore_b
Depths:4: grunt_x_marks_the_spot, layout_small_grid, enter_ziggurat_b,
          hell_entry, abyss_entry, glass_columns_c, uniq_grunn, uniq_boris
Zot:1:    layout_gridlike
Zot:2:    layout_misc_corridors, grunt_ministairs_8
Zot:3:    layout_gridville, evilmike_ambush [evilmike_ambush_outer_basic,
          evilmike_ambush_inner_cross]
Zot:4:    kennysheep_blocky_room, layout_basic
Zot:5:    layout_misc_corridors

Skill      XL: |  1  2  3  4  5  6  7  8  9 10 11 12 13 14 15 16 17 18 19 20 21 22 23 24 25 26 27 |
---------------+----------------------------------------------------------------------------------+-----
Fighting       | 3 4 5 6 8 9 10 12 13 14 15 17 18 | 18.0
Maces & Flails | 3 4 5 6 7 8 11 14 15 | 15.5
Axes           | 2 5 7 8 10 14 15 | 15.7
Armour         | 3 6 10 12 14 15 16 18 | 18.1
Shields        | 3 8 10 14 16 17 19 21 | 21.0
Dodging        | 2 4 10 11 13 15 | 15.0
Evocations     | 7 11 12 17 | 17.6
Throwing       | 4 12 | 12.0

Action                     |  1- 3 |  4- 6 |  7- 9 | 10-12 | 13-15 | 16-18 | 19-21 | 22-24 | 25-27 || total
---------------------------+-------+-------+-------+-------+-------+-------+-------+-------+-------++-------
  Melee: Mace              |   115 |   166 |       |       |       |       |       |       |       ||   281
         Tailslap          |     8 |    23 |    29 |    48 |    74 |     3 |   114 |   298 |   284 ||   881
         Punch             |     2 |     2 |     2 |     3 |       |       |       |       |       ||     9
         Flail             |       |     2 |   107 |       |       |       |       |       |       ||   109
         War axe           |       |       |    70 |    92 |       |       |       |       |       ||   162
         Dire flail        |       |       |    40 |   199 |   392 |    12 |       |       |       ||   643
         Eveningstar       |       |       |       |   118 |       |       |   730 |   885 |   412 ||  2145
         Broad axe         |       |       |       |    14 |       |       |    11 |   643 |   845 ||  1513
  Throw: Dart              |       |       |       |    10 |       |       |       |       |       ||    10
         Javelin           |       |       |       |       |       |       |       |    11 |     9 ||    20
         Throwing net      |       |       |       |       |       |       |       |       |     2 ||     2
         Boomerang         |       |       |       |       |       |       |       |       |    29 ||    29
 Invoke: Berserk           |       |     3 |     6 |     5 |     1 |       |     4 |     5 |     2 ||    26
         Brothers in Arms  |       |       |       |       |       |       |       |     3 |     2 ||     5
  Evoke: Wand              |       |       |       |     7 |       |       |     2 |     6 |     1 ||    16
         Condenser vane    |       |       |       |       |       |       |     1 |     3 |     3 ||     7
         Phantom mirror    |       |       |       |       |       |       |       |     1 |     2 ||     3
         Phial of floods   |       |       |       |       |       |       |       |       |     1 ||     1
         Tin of tremorston |       |       |       |       |       |       |       |       |     1 ||     1
    Use: Scroll            |       |     4 |     9 |     6 |    15 |       |     8 |     9 |    18 ||    69
         Potion            |       |       |     1 |     1 |     1 |     2 |     1 |    11 |    15 ||    32
   Stab: Distracted        |       |       |       |     1 |     8 |       |       |     1 |     1 ||    11
         Confused          |       |       |       |       |       |       |       |     2 |       ||     2
         Held in net/web   |       |       |       |       |       |       |       |       |     1 ||     1
 Armour: Animal skin       |     6 |       |       |       |       |       |       |       |       ||     6
         Chain mail        |    50 |   118 |   162 |   282 |   115 |     7 |   165 |       |       ||   899
         Storm dragon scal |       |       |       |       |       |       |   171 |   965 |   628 ||  1764
         Skin              |       |       |       |       |       |       |       |       |     5 ||     5
         Gold dragon scale |       |       |       |       |       |       |       |       |   124 ||   124
  Dodge: Dodged            |    29 |    70 |    65 |   187 |    91 |     2 |   162 |   315 |   302 ||  1223
  Block: Other             |       |       |       |       |    14 |       |     1 |       |       ||    15
         Reflection        |       |       |       |       |     5 |       |    85 |    42 |       ||   132
         Kite shield       |       |       |       |       |       |       |   610 |       |       ||   610
         Tower shield      |       |       |       |       |       |       |   289 |  2007 |  1541 ||  3837

Table legend: (Time is in decaauts)
 A = Elapsed time spent in this place.
 B = Non-inter-level travel time spent in this place.
 C = Inter-level travel time spent in this place.
 D = Time resting spent in this place.
 E = Time spent auto-exploring this place.
 F = Levels seen in this place.
 G = Mean time per level.
                   A        B        C        D        E       F      G
               +--------+--------+--------+--------+--------+-----+--------+
         Total |  56168 |  49852 |   6316 |   7738 |  31764 |  62 |  905.9 |
       Dungeon |  19050 |  16278 |   2772 |   3672 |  10409 |  15 | 1270.0 |
          Lair |   6814 |   6230 |    584 |    612 |   4880 |   5 | 1362.8 |
         Swamp |   3237 |   3081 |    156 |    416 |   1867 |   4 |  809.2 |
     Snake Pit |   5191 |   4900 |    291 |    818 |   2965 |   4 | 1297.8 |
    Slime Pits |   1080 |   1018 |     62 |    305 |    248 |   5 |  216.0 |
  Orcish Mines |   2252 |   1789 |    463 |    137 |   1200 |   2 | 1126.0 |
   Elven Halls |   3757 |   3492 |    265 |    735 |   1943 |   3 | 1252.3 |
        Vaults |   6649 |   5950 |    699 |    294 |   4283 |   5 | 1329.8 |
        Depths |   5173 |   4301 |    872 |    313 |   3092 |   4 | 1293.2 |
           Zot |   1235 |   1087 |    148 |    273 |    289 |   5 |  247.0 |
         Abyss |   1470 |   1470 |      0 |     72 |    535 |   5 |  294.0 |
      Ziggurat |    173 |    173 |      0 |     87 |      0 |   4 |   43.2 |
         Trove |     80 |     80 |      0 |      0 |     53 |   1 |   80.0 |
               +--------+--------+--------+--------+--------+-----+--------+

Top non-repeatable levels by time:
    D:13: 1957 daAuts
  Lair:1: 1867 daAuts
Vaults:4: 1858 daAuts
     D:9: 1851 daAuts
    D:10: 1719 daAuts
   Orc:2: 1704 daAuts
Vaults:1: 1687 daAuts
 Snake:4: 1671 daAuts
   Elf:3: 1655 daAuts
    D:12: 1565 daAuts
  Lair:5: 1534 daAuts
     D:8: 1509 daAuts
     D:3: 1430 daAuts
Vaults:2: 1429 daAuts
Vaults:3: 1422 daAuts
